 Dungeon Crawl Stone Soup version 0.25.1-8-g42b30a86e7 (webtiles) character file.

Game seed: 5167594849127083184

325 Clowwww the Covered (level 6, 0/48 HPs)
             Began as a Demonspawn Fighter on Dec 26, 2020.
             Killed from afar by an orc (11 damage)
             ... with an exploding inner flame
             ... hexed by the player character
             ... on level 4 of the Dungeon.
             The game lasted 00:07:51 (3916 turns).

Clowwww the Covered (Demonspawn Fighter)            Turns: 3916, Time: 00:07:52

Health: 0/48       AC: 10    Str: 25    XL:     6   Next: 24%
Magic:  6/6        EV:  8    Int: 15    God:
Gold:   272        SH: 10    Dex: 12    Spells: 5/5 levels left

rFire    + . .     SeeInvis .   a - +0 war axe
rCold    . . .     Gourm    .   c - +0 kite shield
rNeg     . . .     Faith    .   x - +0 scale mail {rF+}
rPois    .         Spirit   .   (helmet restricted)
rElec    .         Reflect  .   w - scarf {repulsion}
rCorr    .         Harm     .   (no gloves)
MR       .....                  n - +0 pair of boots {Fly}
Stlth    ..........             (no amulet)
HPRegen  0.16/turn              p - +6 ring of intelligence
MPRegen  0.10/turn              m - +6 ring of strength

@: flying, repel missiles
A: horns 1, thin metallic scales 1, demonic guardian 2, powered by pain 1
a: Stop Flying


You were on level 4 of the Dungeon.
You were not hungry.

You visited 1 branch of the dungeon, and saw 4 of its levels.

You collected 272 gold pieces.

Inventory:

Hand Weapons
 a - a +0 war axe (weapon)
Missiles
 u - 2 boomerangs (quivered)
Armour
 c - a +0 kite shield (worn)
 n - a +0 pair of boots of flying (worn)
 w - a scarf of repulsion (worn)
 x - a +0 scale mail of fire resistance (worn)
Jewellery
 m - a +6 ring of strength (right hand)
 p - a +6 ring of intelligence (left hand)
Wands
 t - a wand of paralysis (3)
Scrolls
 g - 3 scrolls of remove curse
 k - a scroll of enchant armour {unknown}
 o - a scroll of random uselessness {unknown}
 q - a scroll of fog {unknown}
 y - a scroll of amnesia
Potions
 d - a potion of might
 l - 2 potions of flight
 r - 2 potions of lignification
 v - 2 potions of resistance
Comestibles
 b - 3 chunks of flesh
 f - 8 rations


   Skills:
 + Level 3.8 Fighting
 + Level 3.6 Axes
 + Level 3.9 Armour
 + Level 1.0 Dodging
 + Level 0.4 Stealth
 + Level 3.9 Shields


You had 5 spell levels left.
You didn't know any spells.
Your spell library was empty.

Dungeon Overview and Level Annotations

Branches:
Dungeon (4/15)
 Temple: D:4-7

Altars:
Gozag
Hepliaklqana
Kikubaaqudgha
Wu Jian

Shops:
D:4 *


Innate Abilities, Weirdness & Mutations

You have a pair of small horns on your head.
You are partially covered in thin metallic scales. (AC +2)
A demonic guardian rushes to your aid.
You sometimes gain a little power by taking damage.


Message History

The orc priest invokes the aid of Beogh against you.
Beogh smites you!
You feel better.
You hit the orc priest.
Flame seeps out of the orc priest.
You headbutt the orc priest, but do no damage.
The orc priest is lightly wounded.
You barely miss the orc. You closely miss the orc. You block the orc's attack.
The orc hits you but does no damage.
The orc priest is engulfed in blazing flames.
The orc priest explodes!
The fiery explosion engulfs the orc!!!
The orc explodes!
The fiery explosion engulfs the orc!!
The orc explodes!
The fiery explosion engulfs you!! You resist.
* * * LOW HITPOINT WARNING * * *
The fiery explosion engulfs the orc!!
The orc explodes!
The fiery explosion engulfs you! You resist.
You die...

..#
#.##.#.#####......####.......
#.# #.#...............#
########
#.###.#..#............#
......#.>########.....#
#.###.#..# #.....# ....#.####
#.....# #...#.# #.....#
#...#.# ############ #...#.#
#..§§@# #...#.# #..§○§#
#...#.#### #..§§§#
#...?....###..§§§#
....#.##.##......#
###.#.#...%...%..#
....#.#..........#
###.#.#....#%....#
#...#....##.####


There were no monsters in sight!

Vanquished Creatures
  2 hounds
  Ijyb (D:4)
  Terence (D:3)
  A worker ant (D:4)
  Robin (D:2)
  8 adders
  An ooze (D:1)
  2 dart slugs (D:3)
  A leopard gecko (D:3)
  4 orcs
  6 bats
  2 giant cockroaches (D:3)
  12 goblins
  10 hobgoblins
  7 jackals
  5 kobolds
  A ball python (D:4)
  2 frilled lizards
  A jackal skeleton (D:4)
  4 rats
72 creatures vanquished.

Vanquished Creatures (collateral kills)
  A hound (D:4)
  An orc wizard (D:3)
  An ooze (D:3)
  An orc (D:3)
  A goblin (D:3)
  A kobold (D:3)
  A rat (D:3)
7 creatures vanquished.

Grand Total: 79 creatures vanquished

Notes
Turn   | Place    | Note
-------+----------+-------------------------------------------
     0 | D:1      | Clowwww the Demonspawn Fighter began the quest for the Orb.
     0 | D:1      | Reached XP level 1. HP: 18/18 MP: 1/1
   104 | D:1      | Gained mutation: You sometimes gain a little power by
                  | taking damage. [demonic ancestry]
   104 | D:1      | Reached XP level 2. HP: 18/24 MP: 2/2
   977 | D:2      | Noticed Robin
   997 | D:2      | Killed Robin
   997 | D:2      | Gained mutation: You have a pair of small horns on your
                  | head. [demonic ancestry]
   997 | D:2      | Reached XP level 3. HP: 6/29 MP: 3/3
   999 | D:2      | HP: 1/29 [hobgoblin/+0 club[Robin] (2)]
  1455 | D:2      | Found an ancient bone altar of Kikubaaqudgha.
  1670 | D:2      | Found an ornate altar of the Wu Jian Council.
  1763 | D:2      | Gained mutation: A weak demonic guardian rushes to your
                  | aid. [demonic ancestry]
  1763 | D:2      | Reached XP level 4. HP: 30/35 MP: 4/4
  1815 | D:2      | Found a faded altar of an unknown god.
  2036 | D:3      | Noticed Terence
  2044 | D:3      | Killed Terence
  2269 | D:3      | Found a hazy altar of Hepliaklqana.
  2668 | D:3      | Gained mutation: You are partially covered in thin metallic
                  | scales. (AC +2) [demonic ancestry]
  2668 | D:3      | Reached XP level 5. HP: 34/41 MP: 5/5
  3172 | D:4      | Noticed Ijyb
  3185 | D:4      | Killed Ijyb
  3276 | D:4      | Found an opulent altar of Gozag.
  3285 | D:4      | Reached skill level 1 in Dodging
  3321 | D:4      | Gained mutation: A demonic guardian rushes to your aid.
                  | [demonic ancestry]
  3321 | D:4      | Reached XP level 6. HP: 48/48 MP: 6/6
  3488 | D:4      | Found Muhil's Lightly-Used Armoury.
  3916 | D:4      | Killed from afar by an orc

Illustrated notes

Levels and vault maps discovered:
D:1:      onia_arrival_handbag, layout_basic, minmay_indecisive_spiral
D:2:      layout_loops_ring, kiku_gazebo_garden_becter,
          lemuel_coloured_pillars_altar, chequers_ecumenical_altar_island,
          uniq_robin
D:3:      layout_basic, lemuel_doored_altar, first_ration, uniq_terence
D:4:      layout_basic, kennysheep_mini, minmay_misc_feat_iff,
          minmay_shop_damaged, uniq_ijyb

Skill      XL: |  1  2  3  4  5 |
---------------+----------------+-----
Armour         | 3 |  3.9
Axes           | 2 3 |  3.6
Shields        | 3 |  3.9
Dodging        | 1 |  1.0
Fighting       | |  3.8
Stealth        | |  0.4

Action                   |  1- 3 |  4- 6 || total
-------------------------+-------+-------++-------
Melee: War axe           |   106 |   140 ||   246
       Headbutt          |     7 |    26 ||    33
  Use: Potion            |     1 |     1 ||     2
       Scroll            |       |    12 ||    12
 Stab: Distracted        |       |     1 ||     1
  Eat: Chunk             |     1 |     9 ||    10
Armor: Scale mail        |    49 |    67 ||   116
Dodge: Dodged            |    40 |    36 ||    76
Block: Kite shield       |    41 |    80 ||   121
